AoeStats
← [Massa] Edo

Arena

504659394Analyzed
2v2 RM · 26d ago on Sep 6, 2026· 42m 49s· 4 players
Game mode
Random Map
Map size
Medium (4 player)
Population
200
Speed
Normal
Resources
Standard
Victory
Conquest
Starting age
Dark Age
Ending age
Imperial Age
RankedLock teamsTeams togetherTeam positionsShared explorationLock speedFull tech treeHidden civsTurbo modeCheats
Victory
Defeat
🇻🇳 Turks · Vietnam
1600
+10
🇨🇦 Slavs · Canada
1535
+12
🇧🇷 Britons · Brazil
1484
-12
🇧🇷 Huns · Brazil
1434
-10
juanmar983
11:44 Feudal Age
15:18 Castle Age
13:51 Double-Bit Axe
13:47 Horse Collar
16:22 Bow Saw
19:23 Loom
22:09 Wheelbarrow
21:20 Town Watch
21:21 Loom
25:58 Fletching
28:57 Heavy Plow
29:30 Hand Cart
29:26 Detinets
30:07 Gold Mining
30:12 Stone Mining
34:51 Imperial Age
33:06 Scale Barding Armor
33:11 Forging
34:35 Chain Barding Armor
35:28 Iron Casting
35:02 Husbandry
35:13 Bloodlines
34:53 Elite Boyar
36:57 Two-Man Saw
36:28 Crop Rotation
37:05 Plate Barding Armor
38:09 Blast Furnace
40:00 Bodkin Arrow
40:00 Capped Ram
42:13 Conscription
41:55 Scale Mail Armor
41:25 Siege Ram
DEXXTER
10:27 Feudal Age
14:40 Castle Age
14:06 Loom
16:07 Double-Bit Axe
16:06 Horse Collar
19:12 Gold Mining
21:12 Padded Archer Armor
24:57 Leather Archer Armor
32:11 Imperial Age
30:16 Scale Barding Armor
32:37 Chain Barding Armor
33:33 Conscription
33:39 Husbandry
33:50 Bloodlines
34:23 Forging
36:44 Iron Casting
38:10 Plate Barding Armor
42:16 Wheelbarrow
42:53 Blast Furnace
[Massa] Edo
9:53 Feudal Age
10:32 Feudal Age
14:49 Castle Age
12:55 Double-Bit Axe
13:06 Horse Collar
13:38 Gold Mining
14:31 Fletching
17:02 Bow Saw
16:52 Loom
17:37 Crossbowman
22:05 Bodkin Arrow
22:43 Ballistics
23:32 Padded Archer Armor
26:58 Leather Archer Armor
28:11 Wheelbarrow
38:34 Imperial Age
36:27 Heavy Plow
37:14 Gold Shaft Mining
37:23 Stone Mining
38:16 Yeomen
39:10 Murder Holes
38:47 Arbalester
39:29 Bracer
41:00 Chemistry
39:41 Arbalester
tg
6:13 Loom
8:22 Feudal Age
9:57 Fletching
11:00 Double-Bit Axe
12:19 Horse Collar
18:40 Wheelbarrow
21:53 Castle Age
20:26 Gold Mining
23:35 Light Cavalry
24:26 Bloodlines
24:17 Husbandry
24:24 Scale Barding Armor
27:01 Bow Saw
26:52 Heavy Plow
29:38 Chain Barding Armor
33:29 Hand Cart
37:27 Imperial Age
35:52 Town Watch
37:29 Gold Shaft Mining
37:06 Forging
36:55 Stone Mining
36:46 Pikeman
37:26 Squires
37:28 Scale Mail Armor
37:41 Cavalier
38:58 Plate Barding Armor
39:29 Paladin
43:38 Iron Casting
Connection lost

Rejoining the realm…

Still unreachable

The connection could not be restored.

Session expired

The server has moved on; the page needs a fresh start.